 Dungeon Crawl Stone Soup version 0.30.0-29-ga12c61a403 (webtiles) character file.

Game seed: 17538228296314329638

621 qw the Chopper (level 7, -7/44 HPs)
             Began as a Gargoyle Fighter on June 3, 2023.
             Mangled by a troll (13 damage)
             ... on level 5 of the Dungeon.
             The game lasted 00:02:20 (3448 turns).

qw the Chopper (Gargoyle Fighter)                   Turns: 3448, Time: 00:02:21

Health: -7/44      AC: 13    Str: 22    XL:     7   Next: 46%
Magic:  7/7        EV:  8    Int:  8    God:
Gold:   102        SH:  4    Dex:  9    Spells: 6/6 levels left

rFire   . . .        b - +1 broad axe
rCold   . . .        c - +0 buckler
rNeg    + . .        f - +0 chain mail
rPois   inf          (no helmet)
rElec   +            (no cloak)
rCorr   .            (no gloves)
SInv    +            (no boots)
Will    .....        (no amulet) Stlth
                     (no ring)
HPRegen 0.27/turn    (no ring)
MPRegen 0.10/turn

%: no passive effects
@: no status effects
A: sickness immunity, AC +4, negative energy resistance 1, electricity
resistance, torment resistance 1, petrification resistance, see invisible,
MP-powered wands
a: no special abilities


You were on level 5 of the Dungeon.
You visited 1 branch of the dungeon, and saw 5 of its levels.
You also visited: Ossuary.

You collected 178 gold pieces.
You spent 76 gold pieces at shops.


Innate Abilities, Weirdness & Mutations

You are immune to sickness and miasma.
Your stone body is resilient. (AC +4)
You are immune to poison.
You resist negative energy. (rN+)
You are resistant to electric shocks. (rElec)
You are resistant to unholy torment.
You are immune to petrification.
You have supernaturally acute eyesight. (SInv)
You expend magic power (3 MP) to strengthen your wands.


   Skills:
 - Level 4.7 Fighting
 + Level 6.4 Axes
 - Level 3.2 Armour
 - Level 1.5 Dodging
 - Level 3.2 Shields


You had 6 spell levels left.
You didn't know any spells.
Your spell library was empty.

Inventory:

Hand Weapons
 b - a +1 broad axe (weapon)
 g - a +0 flail
Armour
 c - a +0 buckler (worn)
 f - a +0 chain mail (worn)
 l - a scarf of resistance
Jewellery
 j - a ring of ice
Scrolls
 m - a scroll of identify
Potions
 d - 2 potions of might
 e - 8 potions of curing
 h - a potion of haste
 i - a potion of cancellation {unknown}
 k - a potion of brilliance {unknown}
 n - 2 potions of mutation

Dungeon Overview and Level Annotations

Branches:
Dungeon (5/15)            Ossuary (visited)
 Temple: D:4-7

Altars:
Dithmenos
Elyvilon
Gozag
Qazlal
Trog

Shops:
D:4 (

Annotations:
D:4 3 runed translucent doors, qw's ghost, amateur GrFi


Message History

You closely miss the troll.
The troll is lightly wounded.
The troll bites you. The troll closely misses you.
You block the troll's attack.
You completely miss the troll.
The troll is lightly wounded.
The troll bites you! The troll barely misses you. The troll claws you.
3440 ||| DRINKING potion of heal wounds.
You feel much better. The troll bites you but does no damage.
The troll claws you but does no damage. The troll claws you.
You hit the troll.
The troll is lightly wounded.
You block the troll's attack.
The troll claws you but does no damage. x2
The troll closely misses you. The troll claws you! The troll claws you.
You slash the troll!
The troll is heavily wounded.
You block the troll's attack. The troll claws you but does no damage.
The troll claws you!
You hit the troll.
The troll is heavily wounded.
The troll closely misses you. The troll claws you but does no damage.
The troll barely misses you.
You slash the troll!
The troll is severely wounded.
The troll bites you. The troll claws you. The troll closely misses you.
You hit the troll.
The troll is severely wounded.
The troll closely misses you.
The troll claws you but does no damage. x2
You block the troll's attack. The troll claws you.
You block the troll's attack.
You completely miss the troll.
The troll is severely wounded.
You block the troll's attack. The troll claws you but does no damage.
The troll closely misses you.
You closely miss the troll.
The troll is severely wounded.
The troll barely misses you. The troll closely misses you. The troll claws you.
You hit the troll.
The troll is severely wounded.
The troll bites you!
You die...

#........)........#
#################.#
#.# ########
#.##### #......#
#.#>... #.####.###
#.#.### #
#...<....## #.#.#
#.#####.##..###.#.#
#ooT@...........#.#
#.o##..........##.#
#.. #.#####.##.##.#
..>. #.# ...##.##.#
###.. #.#
#.#.##.##.# #.o #.#
#.#..#.#..# #o. #.#
# #..#.#.##


.oo #.# ##.#.#.# #.# .#.#.# You could see a troll and 3 orcs.

Vanquished Creatures
  2 scorpions (D:3)
  A water moccasin zombie (Ossuary)
  2 hounds
  An orc priest (D:3)
  An orc wizard (D:4)
  3 iguanas
  2 mummies (Ossuary)
  4 gnolls (D:3)
  7 adders
  3 adder zombies (Ossuary)
  3 worms (D:2)
  4 dart slugs
  8 orcs
  A bat (D:2)
  8 endoplasms
  4 giant cockroaches
  8 goblins
  5 hobgoblins
  2 jackals (D:2)
  10 kobolds
  4 quokkas
  6 ball pythons
  A frilled lizard (D:1)
  3 gnoll zombies (Ossuary)
  3 hobgoblin zombies (Ossuary)
  A jackal zombie (D:4)
  8 kobold zombies (Ossuary)
  6 orc zombies (Ossuary)
  11 rats
122 creatures vanquished.

Notes
Turn   | Place    | Note
-------+----------+-------------------------------------------
     0 | D:1      | qw the Gargoyle Fighter began the quest for the Orb.
     0 | D:1      | Reached XP level 1. HP: 14/14 MP: 1/1
     0 | D:1      | 0 ||| qw: Version: 0.2-a-103-g5a998e5
     0 | D:1      | 0 ||| qw: Game counter: 1009
     0 | D:1      | 0 ||| qw: Always use a shield: true
     0 | D:1      | 0 ||| qw: God list: Okawaru
     0 | D:1      | 0 ||| qw: Allow faded altars: false
     0 | D:1      | 0 ||| qw: Do Orc after D:15 true
     0 | D:1      | 0 ||| qw: Do second Lair branch before Depths: true
     0 | D:1      | 0 ||| qw: Lair rune preference: random
     0 | D:1      | 0 ||| qw: Plans: Normal, Zot:1-4, Slime:5, God:TSO, Crypt,
                  | Tomb, Pan, Hells, Abyss, Win
     0 | D:1      | 0 ||| PLANNING D:1-11
    26 | D:1      | 26 ||| Stepping ~*~*~tactically~*~*~ (hiding).
    34 | D:1      | Reached skill level 2 in Axes
   184 | D:1      | Reached XP level 2. HP: 18/19 MP: 2/2
   249 | D:1      | 249 ||| Stepping ~*~*~tactically~*~*~ (hiding).
   255 | D:1      | 255 ||| Stepping ~*~*~tactically~*~*~ (stealth).
   256 | D:1      | 256 ||| Stepping ~*~*~tactically~*~*~ (stealth).
   259 | D:1      | 259 ||| Stepping ~*~*~tactically~*~*~ (stealth).
   279 | D:1      | 279 ||| Stepping ~*~*~tactically~*~*~ (stealth).
   333 | D:1      | Found a faded altar of an unknown god.
   382 | D:1      | Reached skill level 3 in Axes
   487 | D:1      | Reached XP level 3. HP: 19/23 MP: 3/3
   929 | D:1      | 929 ||| READING scroll labelled RUGIECZ HIEMM.
   964 | D:2      | 964 ||| STAIRDANCE
  1018 | D:2      | 1018 ||| FLEEEEING.
  1019 | D:2      | 1019 ||| FLEEEEING.
  1020 | D:2      | 1020 ||| FLEEEEING.
  1021 | D:2      | 1021 ||| FLEEEEING.
  1022 | D:2      | 1022 ||| FLEEEEING.
  1023 | D:2      | 1023 ||| FLEEEEING.
  1024 | D:2      | 1024 ||| FLEEEEING.
  1025 | D:2      | 1025 ||| FLEEEEING.
  1026 | D:2      | 1026 ||| FLEEEEING.
  1027 | D:2      | 1027 ||| FLEEEEING.
  1028 | D:2      | 1028 ||| FLEEEEING.
  1029 | D:2      | 1029 ||| FLEEEEING.
  1030 | D:2      | 1030 ||| FLEEEEING.
  1031 | D:2      | 1031 ||| FLEEEEING.
  1032 | D:2      | 1032 ||| FLEEEEING.
  1033 | D:2      | 1033 ||| FLEEEEING.
  1034 | D:2      | 1034 ||| FLEEEEING.
  1035 | D:2      | 1035 ||| FLEEEEING.
  1036 | D:2      | 1036 ||| FLEEEEING.
  1044 | D:2      | 1044 ||| STAIRDANCE
  1179 | D:2      | 1179 ||| Stepping ~*~*~tactically~*~*~ (hiding).
  1180 | D:2      | 1180 ||| Stepping ~*~*~tactically~*~*~ (hiding).
  1253 | D:2      | 1253 ||| Stepping ~*~*~tactically~*~*~ (hiding).
  1386 | D:2      | Reached XP level 4. HP: 28/28 MP: 4/4
  1449 | D:2      | Identified the +6 spear of the New World {venom, Fragile
                  | rPois Str+2 Dex+4}
  1488 | D:2      | Reached skill level 4 in Axes
  1681 | D:2      | 1681 ||| DRINKING 2 black potions.
  1695 | D:3      | 1695 ||| STAIRDANCE
  1761 | D:3      | 1761 ||| Stepping ~*~*~tactically~*~*~ (stealth).
  1773 | D:3      | Reached XP level 5. HP: 26/32 MP: 5/5
  1773 | D:3      | 1773 ||| FLEEEEING.
  1774 | D:3      | 1774 ||| FLEEEEING.
  1776 | D:3      | 1776 ||| STAIRDANCE
  1803 | D:3      | 1803 ||| Stepping ~*~*~tactically~*~*~ (stealth).
  1913 | D:3      | 1913 ||| DROPPING +0 mace.
  1919 | D:3      | 1919 ||| Stepping ~*~*~tactically~*~*~ (hiding).
  1922 | D:3      | 1922 ||| Stepping ~*~*~tactically~*~*~ (hiding).
  1923 | D:3      | 1923 ||| Stepping ~*~*~tactically~*~*~ (hiding).
  1925 | D:3      | 1925 ||| Stepping ~*~*~tactically~*~*~ (hiding).
  2056 | D:3      | Reached skill level 5 in Axes
  2230 | D:3      | Reached XP level 6. HP: 28/39 MP: 6/6
  2296 | D:3      | Found a stormy altar of Qazlal.
  2299 | D:3      | Found a bloodstained altar of Trog.
  2300 | D:3      | Found a shadowy altar of Dithmenos.
  2300 | D:3      | Found an opulent altar of Gozag.
  2302 | D:3      | Found a white marble altar of Elyvilon.
  2388 | D:3      | 2388 ||| DROPPING +6 ring of intelligence.
  2389 | D:3      | 2389 ||| UPGRADING to ring of see invisible.
  2390 | D:3      | 2390 ||| READING scroll labelled USITAF ARINU.
  2495 | D:4      | 2495 ||| PLANNING OSSUARY
  2499 | D:4      | 2499 ||| STAIRDANCE
  2513 | D:3      | Reached skill level 1 in Dodging
  2612 | D:4      | 2612 ||| Stepping ~*~*~tactically~*~*~ (stealth).
  2622 | D:4      | Found a sand-covered staircase.
  2623 | D:4      | 2623 ||| UPGRADING to +0 chain mail.
  2634 | D:4      | 2634 ||| DROPPING +0 scale mail.
  2635 | D:4      | 2635 ||| READING scroll labelled KEUNAI UCYEG.
  2636 | D:4      | 2636 ||| DRINKING 2 bubbling yellow potions.
  2636 | D:4      | Gained mutation: You sometimes lose your temper in combat.
                  | [potion of mutation]
  2636 | D:4      | Gained mutation: You have hidden genetic potential. [potion
                  | of mutation]
  2636 | D:4      | Gained mutation: You have a pair of small horns on your
                  | head. [potion of mutation]
  2637 | D:4      | 2637 ||| DRINKING potion of mutation.
  2637 | D:4      | Lost mutation: You have hidden genetic potential. [potion
                  | of mutation]
  2637 | D:4      | Lost mutation: You have a pair of small horns on your head.
                  | [potion of mutation]
  2637 | D:4      | Lost mutation: You sometimes lose your temper in combat.
                  | [potion of mutation]
  2637 | D:4      | Gained mutation: You have supernaturally acute eyesight.
                  | (SInv) [potion of mutation]
  2637 | D:4      | Gained mutation: You expend magic power (3 MP) to
                  | strengthen your wands. [potion of mutation]
  2638 | D:4      | 2638 ||| REMOVING ring of see invisible.
  2639 | D:4      | 2639 ||| DROPPING ring of see invisible.
  2649 | Ossuary  | Entered an ossuary
  2675 | Ossuary  | Reached XP level 7. HP: 44/44 MP: 7/7
  2862 | Ossuary  | 2862 ||| READING scroll labelled UMORCH SIGHOTS.
  2863 | Ossuary  | 2863 ||| READING scroll labelled UDEXOI ATUIN.
  2864 | Ossuary  | 2864 ||| READING scroll labelled ZIOGORIBAD.
  2865 | Ossuary  | 2865 ||| READING 2 scrolls labelled WIKUX LOODA.
  2866 | Ossuary  | 2866 ||| DRINKING 2 clear potions.
  2867 | Ossuary  | 2867 ||| DRINKING 2 fizzy yellow potions.
  2873 | D:4      | 2873 ||| PLANNING D:1-11
  2889 | D:4      | Found Roastre's Antique Weapon Shoppe.
  2894 | D:4      | 2894 ||| BUYING broad axe (76 gold).
  2894 | D:4      | Bought a broad axe for 76 gold pieces
  2894 | D:4      | 2894 ||| SHOPLISTING runed war axe (123 gold, have 87).
  2894 | D:4      | 2894 ||| SWAPPING to +0 broad axe.
  2895 | D:4      | 2895 ||| DROPPING +1 war axe.
  2906 | D:4      | Found a runed translucent gate.
  2906 | D:4      | Found a runed translucent gate.
  2906 | D:4      | Found a runed translucent gate.
  2912 | D:4      | Noticed qw's ghost (amateur GrFi)
  2932 | D:4      | Reached skill level 6 in Axes
  3013 | D:4      | 3013 ||| READING scroll of enchant weapon.
  3013 | D:4      | 3013 ||| ENCHANTING +0 broad axe.
  3018 | D:4      | 3018 ||| Stepping ~*~*~tactically~*~*~ (stealth).
  3021 | D:4      | 3021 ||| Stepping ~*~*~tactically~*~*~ (stealth).
  3046 | D:4      | 3046 ||| Stepping ~*~*~tactically~*~*~ (stealth).
  3047 | D:4      | 3047 ||| Stepping ~*~*~tactically~*~*~ (stealth).
  3048 | D:4      | 3048 ||| Stepping ~*~*~tactically~*~*~ (stealth).
  3049 | D:4      | 3049 ||| Stepping ~*~*~tactically~*~*~ (stealth).
  3100 | D:4      | Identified the +2 leather armour "Wiummaef" {rElec rPois}
  3313 | D:5      | Entered Level 5 of the Dungeon
  3420 | D:5      | 3420 ||| Stepping ~*~*~tactically~*~*~ (stealth).
  3430 | D:5      | Noticed a troll
  3439 | D:5      | HP: 9/44 [troll (7)]
  3440 | D:5      | 3440 ||| DRINKING potion of heal wounds.
  3444 | D:5      | HP: 9/44 [troll (2)]
  3448 | D:5      | Mangled by a troll

Levels and vault maps discovered:
D:1:      minmay_arrival_four_loops, layout_basic,
          hellmonk_ecumenical_altar_lost_god, minmay_domino_4
D:2:      layout_basic, minmay_unequal
D:3:      layout_basic, minitemple, dk_noncrumbling_4
D:4:      layout_cave_pools, enter_ossuary_3, serial_shops,
          nicolae_shop_just_a_little_nook, gammafunk_ghost_necromancy
D:5:      layout_basic, temple_doors_e, dreamdust_princess_bridge

Skill      XL: |  1  2  3  4  5  6  7 |
---------------+----------------------+-----
Axes           | 2 3 4 5 6 |  6.4
Fighting       | 4 |  4.7
Dodging        | 1 |  1.5
Armour         | |  3.2
Shields        | |  3.2

Action                     |  1- 3 |  4- 6 |  7- 9 || total
---------------------------+-------+-------+-------++-------
  Melee: War axe           |   113 |   156 |    64 ||   333
         Broad axe         |       |       |    72 ||    72
    Use: Scroll            |     1 |     2 |     5 ||     8
         Potion            |       |     3 |     3 ||     6
 Armour: Scale mail        |    42 |    63 |       ||   105
         Chain mail        |       |     9 |    72 ||    81
         Skin              |       |     1 |       ||     1
  Dodge: Dodged            |    50 |    71 |    45 ||   166
  Block: Buckler           |    17 |    16 |    23 ||    56

Table legend:
 A = Non-vault XP
 B = Vault XP
 C = Vault XP percentage of total XP
 D = Non-vault monster count
 E = Vault monster count
 F = Vault count percentage of total count
                 A         B        C        D         E       F
            +---------+---------+-------+---------+---------+-------
      Total |     727 |     161 |  18.1 |      88 |      34 |  27.9
            +---------+---------+-------+---------+---------+-------
        D:1 |      44 |       4 |   8.3 |      24 |       3 |  11.1
        D:2 |      91 |       9 |   9.0 |      17 |       4 |  19.0
        D:3 |     325 |       0 |   0.0 |      23 |       0 |   0.0
        D:4 |     227 |       1 |   0.4 |      23 |       1 |   4.2
        D:5 |      40 |       0 |   0.0 |       1 |       0 |   0.0
    Ossuary |       0 |     147 | 100.0 |       0 |      26 | 100.0
            +---------+---------+-------+---------+---------+-------
